General information
- name: BNet
- type: Ladder team game (AT/RT)
- host: Battle.net
- saver:
map: TwilightRuins
- players: 8
- length: 17:41
- speed: Fast
- version: 1.26 W3XP
- replay type: Public
» download(123 KB)
Players
team 1 (winner)

»
idomasspeon (
pink | 61 APM | 1012 actions | 16:36)
5 Priestess of the Moon
2 Searing Arrows
3 Trueshot Aura
1 Keeper of the Grove
1 Entangling Roots
» actions
| Build / train | 67 | |
| Enter build submenu | 18 | |
| Enter hero's abilities submenu | 6 | |
| Give item / drop item | 1 | |
| Right click | 592 | |
| Select / deselect | 303 | |
| Use ability | 25 | |
1012 total
» units
| Wisp | 21 | |
| Archer | 11 | |
| Hippogryph | 6 | |
| Dryad | 8 | |
| Faerie Dragon | 3 | |
49 total
» upgrades
| Strength of the Moon | 1 | |
| Moon Armor | 1 | |
| Strength of the Wild | 2 | |
| Reinforced Hides | 2 | |
| Abolish Magic | 1 | |
7 total
» buildings
| Moon Well | 7 | |
| Ancient of War | 2 | |
| Altar of Elders | 1 | |
| Hunter's Hall | 1 | |
| Tree of Life | 1 | |
| Tree of Ages | 1 | |
| Ancient of Wind | 1 | |
| Ancient of Lore | 1 | |
| Ancient of Wonders | 1 | |
| Tree of Eternity | 1 | |
17 total
» build order
00:33 Moon Well
00:48 Ancient of War
01:01 Altar of Elders
01:46 Moon Well
02:35 Moon Well
03:01 Hunter's Hall
03:37 Ancient of War
05:11 Moon Well
06:09 Tree of Life
07:18 Tree of Ages
07:22 Moon Well
08:53 Moon Well
09:44 Ancient of Wind
09:47 Ancient of Lore
09:52 Ancient of Wonders
09:56 Moon Well
13:54 Tree of Eternity
» items

»
FLASHBANG_OMNlX (
red | 54 APM | 951 actions | 17:41)
4 Paladin
2 Holy Light
2 Divine Shield
1 Archmage
1 Blizzard
» actions
| Assign group hotkey | 16 | |
| Basic commands | 36 | |
| Build / train | 58 | |
| ESC pressed | 3 | |
| Enter build submenu | 23 | |
| Enter hero's abilities submenu | 7 | |
| Right click | 271 | |
| Select / deselect | 326 | |
| Select group hotkey | 163 | |
| Use ability | 48 | |
951 total
» units
| Peasant | 13 | |
| Footman | 5 | |
| Goblin Shredder | 1 | |
| Goblin Sapper | 2 | |
| Mortar Team | 3 | |
24 total
» upgrades
| Defend | 1 | |
| Swords | 1 | |
| Gunpowder | 2 | |
| Flare | 1 | |
| Armor | 1 | |
| Fragmentation Shards | 1 | |
7 total
» buildings
| Altar of Kings | 2 | |
| Scout Tower | 1 | |
| Farm | 7 | |
| Arcane Tower | 1 | |
| Lumber Mill | 1 | |
| Arcane Vault | 1 | |
| Barracks | 2 | |
| Blacksmith | 1 | |
| Keep | 1 | |
| Gryphon Aviary | 2 | |
| Workshop | 2 | |
| Castle | 1 | |
| Town Hall | 1 | |
23 total
» build order
00:06 Altar of Kings
00:27 Scout Tower
00:57 Farm
01:38 Arcane Tower
01:43 Farm
02:21 Lumber Mill
02:34 Arcane Vault
03:27 Barracks
03:36 Farm
03:39 Farm
04:09 Barracks
04:23 Blacksmith
05:38 Keep
05:43 Farm
05:49 Farm
06:28 Farm
08:13 Gryphon Aviary
08:16 Gryphon Aviary
09:16 Workshop
09:18 Workshop
10:33 Castle
12:55 Town Hall
17:09 Altar of Kings
» items
| Scroll of Regeneration | 2 | |
| Lesser Clarity Potion | 2 | |
| Potion of Healing | 1 | |
| Ivory Tower | 6 | |
| Healing Salve | 1 | |
12 total

»
Flashbang_0mnix (
teal | 59 APM | 1045 actions | 17:41)
5 Blademaster
2 Wind Walk
3 Critical Strike
» actions
| Assign group hotkey | 95 | |
| Basic commands | 64 | |
| Build / train | 66 | |
| ESC pressed | 10 | |
| Enter build submenu | 20 | |
| Enter hero's abilities submenu | 5 | |
| Give item / drop item | 2 | |
| Right click | 309 | |
| Select / deselect | 135 | |
| Select group hotkey | 243 | |
| Use ability | 96 | |
1045 total
» units
| Peon | 13 | |
| Grunt | 11 | |
| Troll Batrider | 14 | |
38 total
» upgrades
| Armor | 1 | |
| Melee Weapons | 1 | |
| Spiked Barricades | 1 | |
| Ranged Weapons | 2 | |
| Liquid Fire | 1 | |
6 total
» buildings
| Orc Burrow | 5 | |
| Altar of Storms | 1 | |
| Barracks | 2 | |
| Voodoo Lounge | 1 | |
| War Mill | 1 | |
| Watch Tower | 4 | |
| Great Hall | 1 | |
| Stronghold | 1 | |
| Beastiary | 3 | |
| Fortress | 1 | |
| Arcane Tower | 1 | |
21 total
» build order
00:24 Orc Burrow
00:39 Altar of Storms
00:59 Barracks
01:34 Voodoo Lounge
02:08 Orc Burrow
02:13 Orc Burrow
02:16 War Mill
03:21 Barracks
04:04 Watch Tower
04:38 Orc Burrow
04:42 Orc Burrow
05:16 Watch Tower
07:00 Great Hall
07:38 Stronghold
08:59 Watch Tower
08:59 Watch Tower
10:30 Beastiary
10:33 Beastiary
10:37 Beastiary
10:42 Fortress
11:46 Arcane Tower
» items
| Healing Salve | 3 | |
| Lesser Clarity Potion | 1 | |
| Boots of Speed | 1 | |
| Circlet of Nobility | 1 | |
| Staff of Teleportation | 1 | |
| Scroll of Healing | 1 | |
| Potion of Healing | 1 | |
| Scroll of Regeneration | 1 | |
| Ivory Tower | 2 | |
| Orb of Lightning | 1 | |
13 total

»
zse4rfv (
purple | 28 APM | 443 actions | 16:03)
4 Archmage
2 Summon Water Elemental
2 Blizzard
1 Pit Lord
1 Rain of Fire
» actions
| Basic commands | 59 | |
| Build / train | 65 | |
| ESC pressed | 7 | |
| Enter build submenu | 25 | |
| Enter hero's abilities submenu | 5 | |
| Right click | 6 | |
| Select / deselect | 208 | |
| Use ability | 68 | |
443 total
» units
| Peasant | 22 | |
| Footman | 12 | |
| Rifleman | 8 | |
| Priest | 3 | |
| Mortar Team | 3 | |
| Sorceress | 1 | |
49 total
» upgrades
| Lumber Harvesting | 1 | |
| Masonry | 1 | |
| Long Rifles | 1 | |
3 total
» buildings
| Farm | 7 | |
| Lumber Mill | 1 | |
| Altar of Kings | 1 | |
| Barracks | 2 | |
| Blacksmith | 1 | |
| Town Hall | 4 | |
| Scout Tower | 4 | |
| Arcane Tower | 3 | |
| Keep | 1 | |
| Arcane Sanctum | 2 | |
| Workshop | 1 | |
| Guard Tower | 1 | |
| Castle | 1 | |
29 total
» build order
00:24 Farm
00:48 Lumber Mill
00:54 Altar of Kings
01:05 Farm
01:09 Barracks
02:09 Barracks
02:23 Farm
02:46 Blacksmith
02:57 Farm
04:35 Town Hall
04:46 Town Hall
04:53 Town Hall
05:36 Farm
05:40 Scout Tower
05:45 Farm
05:50 Scout Tower
06:46 Farm
06:49 Arcane Tower
06:55 Keep
07:00 Arcane Tower
09:23 Arcane Sanctum
10:38 Scout Tower
10:48 Arcane Sanctum
10:54 Workshop
10:57 Guard Tower
11:00 Scout Tower
12:29 Town Hall
12:55 Arcane Tower
15:16 Castle
team 2 (loser)
zxcbzxc (
orange | 55 APM | 971 actions | 17:41)
4 Crypt Lord
2 Carrion Beetles
2 Spiked Carapace
2 Death Knight
1 Death Coil
1 Unholy Aura
» actions
| Assign group hotkey | 25 | |
| Build / train | 71 | |
| Enter build submenu | 28 | |
| Enter hero's abilities submenu | 6 | |
| Give item / drop item | 1 | |
| Remove unit from queue | 1 | |
| Right click | 392 | |
| Select / deselect | 215 | |
| Select group hotkey | 181 | |
| Use ability | 51 | |
971 total
» units
| Acolyte | 7 | |
| Ghoul | 6 | |
| Crypt Fiend | 7 | |
| Goblin Shredder | 1 | |
| Obsidian Statue | 2 | |
| Frost Wyrm | 9 | |
32 total
» upgrades
| Creature Attack | 2 | |
| Creature Carapace | 2 | |
| Web | 1 | |
5 total
» buildings
| Graveyard | 2 | |
| Crypt | 2 | |
| Ziggurat | 9 | |
| Altar of Darkness | 1 | |
| Tomb of Relics | 1 | |
| Halls of the Dead | 5 | |
| Spirit Tower | 1 | |
| Black Citadel | 3 | |
| Sacrificial Pit | 1 | |
| Slaughterhouse | 1 | |
| Boneyard | 4 | |
| Necropolis | 1 | |
31 total
» build order
00:12 Graveyard
00:14 Graveyard
00:27 Crypt
00:28 Crypt
00:41 Ziggurat
00:59 Altar of Darkness
01:16 Ziggurat
01:45 Tomb of Relics
04:45 Halls of the Dead
04:46 Halls of the Dead
04:46 Halls of the Dead
04:46 Halls of the Dead
05:08 Ziggurat
05:19 Ziggurat
07:05 Ziggurat
07:06 Spirit Tower
07:23 Black Citadel
07:23 Black Citadel
07:27 Sacrificial Pit
08:41 Slaughterhouse
10:07 Boneyard
10:09 Boneyard
10:12 Boneyard
10:21 Boneyard
10:49 Necropolis
11:07 Ziggurat
11:09 Ziggurat
11:11 Ziggurat
12:29 Ziggurat
» items
| Rod of Necromancy | 2 | |
| Sacrificial Skull | 2 | |
| Potion of Healing | 2 | |
| Potion of Mana | 1 | |
| Scroll of Town Portal | 1 | |
8 total
Mongo_Mad (
blue | 32 APM | 572 actions | 17:41)
4 Paladin
2 Holy Light
1 Divine Shield
1 Devotion Aura
3 Mountain King
1 Thunder Clap
2 Storm Bolt
» actions
| Basic commands | 35 | |
| Build / train | 49 | |
| ESC pressed | 2 | |
| Enter build submenu | 24 | |
| Enter hero's abilities submenu | 7 | |
| Right click | 167 | |
| Select / deselect | 233 | |
| Use ability | 54 | |
572 total
» units
| Peasant | 12 | |
| Footman | 2 | |
| Rifleman | 4 | |
| Mortar Team | 1 | |
| Knight | 2 | |
| Priest | 1 | |
| Siege Engine | 2 | |
24 total
» upgrades
| Masonry | 3 | |
| Gunpowder | 2 | |
| Armor | 1 | |
| Lumber Harvesting | 2 | |
| Barrage | 1 | |
| Swords | 1 | |
| Priest Training | 1 | |
11 total
» buildings
| Farm | 12 | |
| Altar of Kings | 1 | |
| Barracks | 1 | |
| Lumber Mill | 1 | |
| Scout Tower | 1 | |
| Arcane Tower | 1 | |
| Blacksmith | 1 | |
| Keep | 1 | |
| Arcane Vault | 1 | |
| Castle | 1 | |
| Arcane Sanctum | 1 | |
| Workshop | 1 | |
| Town Hall | 1 | |
24 total
» build order
00:10 Farm
00:22 Altar of Kings
00:33 Barracks
00:55 Farm
01:43 Lumber Mill
02:06 Scout Tower
02:28 Farm
02:46 Arcane Tower
03:11 Blacksmith
03:23 Farm
04:23 Keep
04:29 Farm
04:42 Farm
05:19 Farm
06:06 Farm
06:55 Arcane Vault
07:02 Castle
08:20 Arcane Sanctum
08:57 Workshop
10:58 Farm
11:15 Farm
11:27 Farm
12:02 Farm
12:56 Town Hall
» items
| Scroll of Regeneration | 1 | |
| Scroll of Town Portal | 1 | |
2 total

»
cwest95129 (
green | 77 APM | 1368 actions | 17:41)
5 Archmage
3 Summon Water Elemental
2 Brilliance Aura
3 Blood Mage
2 Flame Strike
1 Siphon Mana
2 Naga Sea Witch
1 Frost Arrows
1 Forked Lightning
» actions
| Assign group hotkey | 165 | |
| Basic commands | 110 | |
| Build / train | 67 | |
| ESC pressed | 1 | |
| Enter build submenu | 20 | |
| Enter hero's abilities submenu | 10 | |
| Right click | 567 | |
| Select / deselect | 251 | |
| Select group hotkey | 89 | |
| Use ability | 88 | |
1368 total
» units
| Peasant | 9 | |
| Footman | 4 | |
| Rifleman | 5 | |
| Knight | 4 | |
22 total
» upgrades
| Defend | 1 | |
| Long Rifles | 1 | |
| Plating | 3 | |
| Animal War Training | 1 | |
| Swords | 1 | |
7 total
» buildings
| Altar of Kings | 1 | |
| Farm | 11 | |
| Barracks | 2 | |
| Arcane Vault | 1 | |
| Scout Tower | 1 | |
| Blacksmith | 1 | |
| Arcane Tower | 2 | |
| Keep | 4 | |
| Lumber Mill | 1 | |
| Castle | 3 | |
27 total
» build order
00:23 Altar of Kings
00:37 Farm
00:55 Barracks
01:08 Farm
02:03 Arcane Vault
03:48 Farm
03:50 Scout Tower
03:54 Blacksmith
04:49 Arcane Tower
04:49 Arcane Tower
04:53 Keep
04:54 Keep
04:54 Keep
05:16 Farm
06:00 Farm
06:26 Lumber Mill
07:25 Barracks
07:30 Castle
07:30 Castle
08:59 Farm
10:45 Farm
11:01 Farm
12:54 Farm
12:55 Farm
15:14 Farm
» items
| Scroll of Regeneration | 2 | |
| Lesser Clarity Potion | 1 | |
3 total
bigboobies (
yellow | 42 APM | 738 actions | 17:41)
5 Keeper of the Grove
1 Force of Nature
3 Thorns Aura
1 Entangling Roots
» actions
| Assign group hotkey | 22 | |
| Basic commands | 25 | |
| Build / train | 57 | |
| Enter build submenu | 16 | |
| Enter hero's abilities submenu | 5 | |
| Right click | 190 | |
| Select / deselect | 174 | |
| Select group hotkey | 198 | |
| Use ability | 51 | |
738 total
» units
| Wisp | 14 | |
| Archer | 4 | |
| Huntress | 11 | |
| Druid of the Talon | 1 | |
| Glaive Thrower | 2 | |
| Chimaera | 4 | |
36 total
» upgrades
| Ultravision | 1 | |
| Strength of the Moon | 1 | |
| Moon Armor | 1 | |
| Strength of the Wild | 2 | |
| Reinforced Hides | 2 | |
| Upgrade Moon Glaive | 1 | |
| Druid of the Talon Training | 1 | |
| Vorpal Blades | 1 | |
| Corrosive Breath | 1 | |
11 total
» buildings
| Moon Well | 6 | |
| Altar of Elders | 1 | |
| Ancient of War | 1 | |
| Hunter's Hall | 1 | |
| Tree of Ages | 1 | |
| Ancient of Wonders | 1 | |
| Tree of Eternity | 1 | |
| Ancient Protector | 2 | |
| Ancient of Wind | 1 | |
| Chimaera Roost | 2 | |
17 total
» build order
00:10 Moon Well
00:33 Altar of Elders
00:41 Ancient of War
02:06 Moon Well
02:30 Hunter's Hall
03:09 Tree of Ages
04:28 Moon Well
04:45 Ancient of Wonders
06:22 Tree of Eternity
06:59 Moon Well
07:56 Ancient Protector
08:26 Ancient Protector
10:37 Ancient of Wind
11:12 Moon Well
11:54 Chimaera Roost
12:02 Chimaera Roost
17:41 Moon Well
» items
| Lesser Clarity Potion | 1 | |
| Potion of Healing | 1 | |
2 total
Chat log
(00:13 / All) Flashbang_0mnix: CAN SOMEONE PLEASE TELL ME WHAT THE INTEGRAL OF NEGATIVE i IS??????????
(00:20 / All) FLASHBANG_OMNlX: Y'all better hail The Lord and Savior Jesus Christ who is God
(00:43 / All) FLASHBANG_OMNlX: Or you'll rot for eternity in a special level of hell
(00:51 / All) FLASHBANG_OMNlX: called the Warcraft III General Discussion Forum
(00:59 / All) cwest95129: stfu
(01:04 / All) FLASHBANG_OMNlX: The "special" hell.
(01:11 / All) Flashbang_0mnix: The ONLY thing worse than WGDF is learntocounter.com
(01:17 / All) Mongo_Mad: isnt it -x?
(02:01 / All) Flashbang_0mnix: WHAT DOES STFU MEAN? "Stop The Fairy Unicorns"?
(03:07 / Allies) FLASHBANG_OMNlX: yeah that's two raxes
(03:13 / Allies) Flashbang_0mnix: k
(03:14 / Allies) Flashbang_0mnix: rush inc
(03:45 / Allies) Flashbang_0mnix: probably 2 AOWs there too
(03:49 / Allies) Flashbang_0mnix: cause no tech
(03:52 / Allies) FLASHBANG_OMNlX: could be
(04:02 / All) idomasspeon: i do mass archer
(04:06 / All) idomasspeon: then hipp raider
(04:26 / Allies) Flashbang_0mnix: lol this guy
(05:55 / Allies) FLASHBANG_OMNlX: don't mind that incident
(06:00 / Allies) FLASHBANG_OMNlX: It was all part of Jesus who is God's plan
(06:07 / Allies) Flashbang_0mnix: working as intended
(07:02 / Allies) Flashbang_0mnix: wheres this rush!
(07:09 / Allies) FLASHBANG_OMNlX: yeah dunno
(07:11 / Allies) FLASHBANG_OMNlX: maybe they're just bad
(07:15 / Allies) Flashbang_0mnix: screw it, teching
(07:50 / Allies) FLASHBANG_OMNlX: I'll be a blast!
(08:26 / Allies) FLASHBANG_OMNlX: wyrms
(08:29 / Allies) Flashbang_0mnix: boom
(08:37 / Allies) Flashbang_0mnix: k shall I make bats?
(08:40 / Allies) Flashbang_0mnix: or can you handle it
(08:42 / Allies) FLASHBANG_OMNlX: go for it
(09:02 / All) idomasspeon: i will do dryads
(09:09 / All) idomasspeon: hippo and chim
(09:09 / All) cwest95129: nice
(09:11 / All) cwest95129: when
(09:14 / All) idomasspeon: now
(09:23 / All) cwest95129: can i watch
(09:26 / All) idomasspeon: yh
(11:10 / Allies) FLASHBANG_OMNlX: thanks
(11:14 / Allies) Flashbang_0mnix: mhmm
(11:22 / Allies) FLASHBANG_OMNlX: halluc
(11:23 / Allies) Flashbang_0mnix: fake
(13:23 / Allies) Flashbang_0mnix: hrm where are these frosts
(13:54 / Allies) Flashbang_0mnix: gonna go hit some expansion
(14:04 / Allies) FLASHBANG_OMNlX: frosts up
(14:08 / Allies) Flashbang_0mnix: where
(14:09 / Allies) Flashbang_0mnix: ping
(14:56 / Allies) FLASHBANG_OMNlX: yeah that blew
(15:35 / Allies) Flashbang_0mnix: seriously? they never expanded?
(16:01 / All) idomasspeon: help
(16:42 / Allies) FLASHBANG_OMNlX: yeah
(16:43 / All) Mongo_Mad: gg
(16:43 / Allies) FLASHBANG_OMNlX: that was unfortunate.
(16:51 / Allies) Flashbang_0mnix: yeah why do we always have unsuccessful games when we team to gether
(16:53 / All) FLASHBANG_OMNlX: You wouldn't have won
(16:56 / All) FLASHBANG_OMNlX: If you didn't outplay us
(17:23 / Allies) FLASHBANG_OMNlX: alright
(17:23 / Allies) FLASHBANG_OMNlX: new?
(17:35 / Allies) Flashbang_0mnix: yeah
(17:38 / Allies) Flashbang_0mnix: uploading to highper.ch first